[Event "ICCopen2017"]
[Site "Internet Chess Club"]
[Date "2017.03.25"]
[Round "6"]
[White "Sophiste"]
[Black "BUHO64"]
[Result "1-0"]
[ICCResult "Black resigns"]
[WhiteElo "3205"]
[BlackElo "2016"]
[Opening "Queen's pawn game"]
[ECO "D02"]
[NIC "QP.08"]
[Time "15:05:50"]
[TimeControl "180+0"]

1. d4 d5 2. Nf3 c6 3. Bf4 Nf6 4. e3 Bf5 5. h3 Nbd7 6. c4 e6 7. Qb3 Qb6 8. c5
Qxb3 9. axb3 a6 10. b4 Rc8 11. Nbd2 Be7 12. Nb3 Bd8 13. Nfd2 O-O 14. Be2 h6
15. O-O Ne4 16. Rfd1 Nxd2 17. Rxd2 Re8 18. Bg3 e5 19. Na5 Bxa5 20. bxa5 exd4
21. exd4 Nf6 22. f3 Re6 23. Ra3 Rce8 24. Kf2 R6e7 25. Bd6 Rd7 26. Rb3 Re6
27. g4 Bg6 28. Bf1 Ne8 29. Bf4 Rde7 30. h4 Re1 31. Re2 R1xe2+ 32. Bxe2 h5
33. g5 Bf5 34. Bb8 g6 35. Be5 Ng7 36. Bf1 Bc8 37. Bf6 Re8 38. Rb6 Nf5 39. b4
Nxh4 40. Bxa6 bxa6 41. Rxc6 Bd7 42. Rd6 Bb5 43. Be5 Nf5 44. Rb6 h4 45. c6 h3
46. c7 Rc8 47. Rb8 Bd7 48. b5 axb5 49. a6 Nxd4 50. Bxd4 h2 51. Kg2 Bh3+ 52.
Kxh2 {Black resigns} 1-0

[Event "ICCopen2017"]
[Site "Internet Chess Club"]
[Date "2017.03.25"]
[Round "6"]
[White "notetengomiedo"]
[Black "Papasha"]
[Result "1-0"]
[ICCResult "Black forfeits on time"]
[WhiteElo "1841"]
[BlackElo "2490"]
[Opening "Ruy Lopez: Anderssen variation"]
[ECO "C77"]
[NIC "RL.12"]
[Time "15:06:07"]
[TimeControl "180+0"]

1. e4 e5 2. Nf3 Nc6 3. Bb5 a6 4. Ba4 Nf6 5. d3 b5 6. Bb3 Be7 7. O-O O-O 8.
Nc3 d6 9. Nd5 Nxd5 10. Bxd5 Bd7 11. c3 Rb8 12. Ne1 Kh8 13. f4 Bf6 14. f5 Bg5
15. Nf3 Bxc1 16. Rxc1 Ne7 17. Bb3 Ng8 18. Qd2 c5 19. Bd5 Bc8 20. a3 Bb7 21.
Bxb7 Rxb7 22. Ng5 h6 23. Nf3 Nf6 24. Kh1 c4 25. Rcd1 Rb6 26. Qe2 Qc7 27. Rd2
Rc6 28. Rfd1 cxd3 29. Rxd3 Rb8 30. h3 Rbb6 31. Nh2 Rc4 32. Re3 Qb7 33. Re1
a5 34. Ng4 Nh5 35. Nxh6 Nf4 36. Qg4 gxh6 37. Rg3 Ng6 38. fxg6 f6 39. g7+ Kg8
40. Qe6+ Qf7 41. Qxf7+ Kxf7 42. g8=Q+ {Black forfeits on time} 1-0

[Event "ICCopen2017"]
[Site "Internet Chess Club"]
[Date "2017.03.25"]
[Round "6"]
[White "Dinamit"]
[Black "Aravind"]
[Result "1-0"]
[ICCResult "Black resigns"]
[WhiteElo "2633"]
[BlackElo "2207"]
[Opening "Giuoco Pianissimo"]
[ECO "C50"]
[NIC "IG.02"]
[Time "15:05:57"]
[TimeControl "180+0"]

1. e4 e5 2. Nf3 Nc6 3. Bc4 Bc5 4. d3 d6 5. c3 a6 6. a4 Nf6 7. Bg5 h6 8. Bh4
g5 9. Bg3 Bg4 10. Nbd2 Ba7 11. O-O h5 12. h4 Nh7 13. Qb3 Qd7 14. hxg5 Rg8
15. Bh4 Na5 16. Qa2 Nxc4 17. dxc4 Bxf3 18. Nxf3 Qg4 19. b4 f6 20. c5 O-O-O
21. Qf7 Nxg5 22. Bxg5 fxg5 23. cxd6 cxd6 24. b5 Rdf8 25. Qc4+ Kb8 26. bxa6
Rg7 27. Nh2 Qh4 28. Ra2 g4 29. Qd3 g3 30. Qxd6+ Rc7 31. Qxf8+ Rc8 32. Qd6+
Ka8 33. Nf3 gxf2+ 34. Raxf2 {Black resigns} 1-0

[Event "ICCopen2017"]
[Site "Internet Chess Club"]
[Date "2017.03.25"]
[Round "6"]
[White "TeddyBear"]
[Black "Giantvin"]
[Result "0-1"]
[ICCResult "White forfeits on time"]
[WhiteElo "1547"]
[BlackElo "1932"]
[Opening "QGD semi-Slav"]
[ECO "D43"]
[NIC "SL.03"]
[Time "15:05:32"]
[TimeControl "180+0"]

1. d4 d5 2. c4 c6 3. Nc3 Nf6 4. Nf3 e6 5. Bg5 h6 6. Bh4 dxc4 7. a4 Bb4 8. e3
b5 9. Ne5 Bb7 10. Qf3 g5 11. Bg3 Ke7 12. axb5 Qd5 13. bxc6 Bxc6 14. Nxc6+
Nxc6 15. Be2 g4 16. Qxd5 Nxd5 17. Rc1 h5 18. Bxc4 h4 19. Bxd5 exd5 20. Bf4
Na5 21. Ke2 Bxc3 22. bxc3 f6 23. f3 gxf3+ 24. gxf3 Nc4 25. e4 a5 26. exd5 a4
27. Ra1 a3 28. Kd3 Rhc8 29. Rhg1 Kf7 30. Rg4 Ra4 31. Rxh4 Rg8 32. Rh7+ Ke8
33. Rc7 Nb2+ 34. Kc2 Rg2+ 35. Kb3 Ra8 {White forfeits on time} 0-1

[Event "ICCopen2017"]
[Site "Internet Chess Club"]
[Date "2017.03.25"]
[Round "6"]
[White "majerle"]
[Black "kabindra"]
[Result "1-0"]
[ICCResult "Black resigns"]
[WhiteElo "1574"]
[BlackElo "1527"]
[Opening "QP counter-gambit (elephant gambit)"]
[ECO "C40"]
[NIC "KP.10"]
[Time "15:05:37"]
[TimeControl "180+0"]

1. e4 e5 2. Nf3 d5 3. exd5 e4 4. Nd4 Qxd5 5. Nb3 Nf6 6. Nc3 Qe5 7. Be2 Bd6
8. d4 exd3 9. Qxd3 O-O 10. g3 Bf5 11. Qd4 Bxc2 12. Qxe5 Bxe5 13. Nc5 b6 14.
Nd3 Bd4 15. Be3 Nc6 16. Kd2 Bxd3 17. Bxd3 Rad8 18. Rad1 Be5 19. Ke2 Nb4 20.
Bb1 c6 21. f4 Bc7 22. Kf3 Nbd5 23. Rhe1 Nxe3 24. Rxe3 b5 25. Red3 b4 26. Ne4
Nd5 27. Nc5 a5 28. Bc2 Bb6 29. Ne4 Rde8 30. Bb3 f5 31. Ng5 h6 32. Nh3 Kh7
33. Bxd5 cxd5 34. Rxd5 Re3+ 35. Kg2 Re2+ 36. Kf1 Rxb2 37. R1d2 Rb1+ 38. Kg2
Re8 39. Nf2 Ree1 40. Nd3 Rg1+ 41. Kh3 Be3 42. Re2 Bd2 43. Rxd2 Rbf1 44. Ne5
Rf3 45. Nxf3 {Black resigns} 1-0

[Event "ICCopen2017"]
[Site "Internet Chess Club"]
[Date "2017.03.25"]
[Round "6"]
[White "canary2016"]
[Black "dsolomon"]
[Result "1-0"]
[ICCResult "Black resigns"]
[WhiteElo "1165"]
[BlackElo "1084"]
[Opening "French: Tarrasch, Guimard variation"]
[ECO "C04"]
[NIC "FR.15"]
[Time "15:06:54"]
[TimeControl "180+0"]

1. e4 e6 2. d4 d5 3. Nd2 Nc6 4. exd5 exd5 5. c3 Be6 6. Bd3 Nf6 7. Ne2 Bd6 8.
O-O O-O 9. h3 Re8 10. Re1 Qd7 11. Ng3 Bxg3 12. fxg3 Qd6 13. Kh2 g6 14. Qf3
Nh5 15. Rf1 Na5 16. Nb3 Nxb3 17. axb3 c5 18. dxc5 Qxc5 19. g4 Ng7 20. Bh6
Qf8 21. Bxg7 Qxg7 22. Rae1 d4 23. cxd4 Qxd4 24. Be4 Bxb3 25. Bxb7 Rab8 26.
Rxe8+ Rxe8 27. Qxb3 Qe5+ 28. Kh1 Qg3 29. Qxg3 {Black resigns} 1-0

[Event "ICCopen2017"]
[Site "Internet Chess Club"]
[Date "2017.03.25"]
[Round "6"]
[White "Kastor"]
[Black "SPARNALIQ"]
[Result "1/2-1/2"]
[ICCResult "Game drawn by repetition"]
[WhiteElo "2825"]
[BlackElo "3000"]
[Opening "Giuoco Pianissimo"]
[ECO "C55"]
[NIC "IG.01"]
[Time "15:06:29"]
[TimeControl "180+0"]

1. e4 e5 2. Nf3 Nc6 3. Bc4 Nf6 4. d3 Bc5 5. c3 O-O 6. Bb3 d5 7. Qe2 h6 8.
O-O Re8 9. Nbd2 a5 10. a4 Ba7 11. Bc2 Nh5 12. Nb3 dxe4 13. dxe4 Qf6 14. Be3
Nf4 15. Bxf4 Qxf4 16. g3 Qf6 17. Kg2 Qe6 18. Ng1 Qg6 19. h3 Nd8 20. Kh2 Ne6
21. Rad1 Qf6 22. Nf3 g6 23. Nbd2 h5 24. Nc4 Ng7 25. Ne3 c6 26. Kg2 Qe6 27.
Rh1 Qe7 28. Bb3 Qf6 29. h4 Bc5 30. Ng5 Ne6 31. Nxe6 Bxe6 32. Bxe6 Qxe6 33.
Nc4 b5 34. axb5 cxb5 35. Ne3 Bxe3 36. Qxe3 Qb3 37. Qe2 a4 38. Rd5 Rab8 39.
Ra1 b4 40. cxb4 Rxb4 41. Rd2 Reb8 42. Ra3 Qe6 43. Rad3 Kg7 44. Rd6 Qa2 45.
Qf3 Rxb2 46. Qf6+ Kh7 47. Rd8 Rxd8 48. Rxd8 Rxf2+ 49. Qxf2 Qe6 50. Qd2 Qc4
51. Qd5 Qe2+ 52. Kg1 Qe1+ 53. Kg2 Qe2+ 54. Kg1 Qe1+ 55. Kg2 Qe2+
{Game drawn by repetition}
1/2-1/2

[Event "ICCopen2017"]
[Site "Internet Chess Club"]
[Date "2017.03.25"]
[Round "6"]
[White "uggi"]
[Black "SebasTian6"]
[Result "1-0"]
[ICCResult "Black forfeits on time"]
[WhiteElo "1930"]
[BlackElo "1561"]
[Opening "QGD semi-Slav: 5.e3"]
[ECO "D45"]
[NIC "SL.08"]
[Time "15:06:10"]
[TimeControl "180+0"]

1. d4 c6 2. c4 d5 3. Nc3 Nf6 4. Nf3 e6 5. e3 Bb4 6. Bd3 O-O 7. O-O Nbd7 8.
Bd2 Re8 9. Qc2 h6 10. a3 Bd6 11. e4 dxe4 12. Nxe4 Nxe4 13. Bxe4 Nf6 14. Bd3
Qc7 15. Rad1 Bf4 16. Rfe1 Bd7 17. Bc3 Qd8 18. g3 Bc7 19. Qe2 a5 20. Ne5 Rf8
21. Bc2 Qe7 22. Qd3 Rfd8 23. Ng4 Kf8 24. Nxf6 Qxf6 25. d5 e5 26. f4 Bg4 27.
fxe5 Qg5 28. Rd2 Bb6+ 29. Kg2 cxd5 30. cxd5 Rac8 31. d6 Qh5 32. h4 Rc4 33.
Qh7 Bf3+ 34. Kf1 Ke8 35. Bf5 Qxf5 36. Qxf5 {Black forfeits on time} 1-0

[Event "ICCopen2017"]
[Site "Internet Chess Club"]
[Date "2017.03.25"]
[Round "6"]
[White "Barbos"]
[Black "BurninggIce"]
[Result "0-1"]
[ICCResult "White resigns"]
[WhiteElo "2428"]
[BlackElo "1996"]
[Opening "Catalan opening"]
[ECO "E00"]
[NIC "EO.39"]
[Time "15:05:31"]
[TimeControl "180+0"]

1. d4 Nf6 2. c4 e6 3. g3 c5 4. Nf3 b6 5. Bg2 Bb7 6. O-O cxd4 7. Qxd4 Be7 8.
Nc3 d6 9. b3 a6 10. Ba3 O-O 11. Rfd1 d5 12. Bxe7 Qxe7 13. cxd5 Nxd5 14. Nxd5
Bxd5 15. Ne5 Bxg2 16. Kxg2 Qb7+ 17. f3 Nc6 18. Qe4 Rac8 19. Rac1 Na5 20.
Qxb7 Nxb7 21. Rxc8 Rxc8 22. Nxf7 Rc2 23. Kf2 Rxa2 24. Ng5 h6 25. Rd7 hxg5
26. Rxb7 b5 27. b4 Ra4 28. Ra7 Rxb4 29. Rxa6 Kf7 30. Rb6 Rb3 31. g4 Kf6 32.
h3 Ke5 33. Rb7 g6 34. Rg7 Kf6 35. Rc7 b4 36. Rb7 Ke5 37. Rb5+ Kf6 38. Ke1
Rb2 39. Kf2 Rb3 40. Rc5 Ra3 41. Rc4 b3 42. Rb4 Ke5 43. Ke3 b2+ 44. Kd2 Ra1
45. Rxb2 Rh1 46. Ke3 Rxh3 47. Rb7 Kf6 48. Ke4 Rh1 49. Rb6 Ra1 50. Rb4 Ra2
51. e3 Ra3 52. Kd4 Ra2 53. e4 Ra3 54. e5+ Kf7 55. Ke4 Ra7 56. Rb6 Rc7 57.
Kd4 Ra7 58. Kc5 Ra3 59. Rb7+ Ke8 60. Kd6 Ra6+ 61. Kc7 Ra3 62. Kd6 Ra6+ 63.
Kc5 Ra3 64. Rg7 Rxf3 65. Rxg6 Rf4 66. Rxg5 Re4 67. Kd6 Kf7 68. Rh5 Rd4+ 69.
Kc6 Rxg4 70. Rh6 Rd4 71. Rh7+ Kg6 72. Re7 Kf5 73. Rd7 Rxd7 {White resigns}
0-1

[Event "ICCopen2017"]
[Site "Internet Chess Club"]
[Date "2017.03.25"]
[Round "6"]
[White "Palse"]
[Black "Koval"]
[Result "1-0"]
[ICCResult "Black forfeits on time"]
[WhiteElo "2244"]
[BlackElo "1961"]
[Opening "Sicilian: dragon variation"]
[ECO "B70"]
[NIC "SI.15"]
[Time "15:05:31"]
[TimeControl "180+0"]

1. e4 c5 2. Nf3 d6 3. d4 cxd4 4. Nxd4 Nf6 5. Nc3 g6 6. Be2 Bg7 7. O-O O-O 8.
Bg5 Nc6 9. Nb3 Be6 10. Re1 Rc8 11. Bf1 Na5 12. Nd4 Bc4 13. Nde2 h6 14. Bh4
Qb6 15. Rb1 g5 16. Bg3 Nh5 17. b3 Nxg3 18. hxg3 Bxe2 19. Nxe2 f5 20. Qd5+
Kh8 21. exf5 Rc5 22. Qd3 Rcxf5 23. Kh2 Qxf2 24. Ng1 g4 25. Nh3 Rh5 26. Kh1
gxh3 27. gxh3 Be5 28. Re3 Nc6 29. c3 Rhf5 30. Bg2 Qxa2 31. Rg1 Rf2 32. Qg6
Bg7 33. Qe6 Qd2 34. Re4 Qxc3 35. Rh4 R8f6 36. Qc8+ Kh7 37. Be4+ Rg6 38.
Bxg6+ Kxg6 39. Qg4+ Kh7 40. Qe4+ Kg8 41. Rf4 Ne5 42. Rxf2 Nd3 43. Qe6+ Kh8
44. Rf3 Qc6 45. Rf1 Ne5 46. Kg2 Nxf3 47. Rxf3 Qc2+ 48. Rf2 Qc3 49. Qf7 Qc6+
50. Qf3 Qc3 51. Qxc3 Bxc3 52. Rc2 Bf6 53. Rc8+ Kg7 54. Rc7
{Black forfeits on time}
1-0

[Event "ICCopen2017"]
[Site "Internet Chess Club"]
[Date "2017.03.25"]
[Round "6"]
[White "manitodeplomo"]
[Black "Cowboystiefel"]
[Result "1-0"]
[ICCResult "Black forfeits on time"]
[WhiteElo "2491"]
[BlackElo "2119"]
[Opening "Queen's Indian: Nimzovich variation (exaggerated fianchetto)"]
[ECO "E15"]
[NIC "QI.05"]
[Time "15:06:13"]
[TimeControl "180+0"]

1. Nf3 Nf6 2. c4 b6 3. d4 e6 4. g3 Ba6 5. Qc2 c5 6. d5 Bb7 7. Bg2 exd5 8.
cxd5 Be7 9. O-O Nxd5 10. Ne5 O-O 11. Qb3 Nc6 12. Qxd5 Na5 13. Qxd7 Bxg2 14.
Qxd8 Raxd8 15. Kxg2 Bf6 16. Ng4 Bd4 17. Nc3 c4 18. Be3 h5 19. Bxd4 Rxd4 20.
Ne3 Rfd8 21. Rad1 Rd2 22. Rxd2 Rxd2 23. Rb1 a6 24. Kf1 b5 25. Ke1 Rd8 26.
Rd1 Re8 27. Rd5 Nc6 28. Rxh5 g6 29. Rd5 Nb4 30. Rd6 Ra8 31. a3 a5 32. axb4
axb4 33. Nxb5 c3 34. Nxc3 b3 35. Rb6 Ra1+ 36. Ned1 Ra8 37. Rxb3 Re8 38. Ra3
Rf8 39. b4 Rc8 40. b5 Rb8 41. Rb3 Rc8 42. b6 Rb8 43. b7 Kf8 44. Ne4 Ke7 45.
Nc5 Kd6 46. Na6 Rxb7 47. Rxb7 Kc6 48. Rxf7 g5 49. Rf5 Kb6 50. Rxg5 Kxa6 51.
Rd5 Kb6 52. e4 Kc6 53. Ne3 Kc7 54. h4 Kc6 55. h5 Kc7 56. h6 Kc6 57. h7 Kc7
58. h8=Q Kc6 59. Qf6+ Kc7 60. Qd6+ Kb7 61. Rb5+ Ka7 62. Qb6+
{Black forfeits on time}
1-0

[Event "ICCopen2017"]
[Site "Internet Chess Club"]
[Date "2017.03.25"]
[Round "6"]
[White "UAE2002"]
[Black "FlyCatcher"]
[Result "0-1"]
[ICCResult "White resigns"]
[WhiteElo "1965"]
[BlackElo "2380"]
[Opening "Queen's pawn game"]
[ECO "D02"]
[NIC "QP.08"]
[Time "15:06:38"]
[TimeControl "180+0"]

1. d4 d5 2. Nf3 e6 3. Bg5 f6 4. Bh4 c5 5. e3 Qb6 6. Nbd2 Qxb2 7. Rb1 Qc3 8.
Bg3 Nc6 9. Be2 cxd4 10. Nxd4 Nxd4 11. exd4 Qxd4 12. Bb5+ Kf7 13. O-O Ne7 14.
Qe2 Nf5 15. Nf3 Qc5 16. Rfe1 Nxg3 17. hxg3 Bd6 18. c4 d4 19. Red1 e5 20. Ba4
Rd8 21. Bc2 Kg8 22. Rb5 Qc7 23. Nh4 g6 24. Rdb1 Rb8 25. Qf3 Qg7 26. Qd5+ Qf7
27. Qf3 b6 28. Be4 Be6 29. Bd5 Bxd5 30. Rxd5 Bc5 31. Rxd8+ Rxd8 32. Rc1 f5
33. g4 e4 34. Qg3 f4 35. Qb3 d3 36. Kh2 Bxf2 37. g3 Bxg3+ 38. Kh3 Bxh4 39.
Kxh4 e3 {White resigns} 0-1

[Event "ICCopen2017"]
[Site "Internet Chess Club"]
[Date "2017.03.25"]
[Round "6"]
[White "neverend"]
[Black "DropZone"]
[Result "1-0"]
[ICCResult "Black resigns"]
[WhiteElo "2580"]
[BlackElo "2134"]
[Opening "English: Caro-Kann defensive system"]
[ECO "A11"]
[NIC "RE.06"]
[Time "15:06:17"]
[TimeControl "180+0"]

1. c4 c6 2. g3 d5 3. Bg2 Nf6 4. Nf3 Bf5 5. cxd5 cxd5 6. Qb3 Qb6 7. Nc3 e6 8.
d3 Nc6 9. Be3 Qxb3 10. axb3 Bb4 11. O-O O-O 12. Nb5 a6 13. Nbd4 Nxd4 14.
Bxd4 Rfc8 15. Rfc1 Nd7 16. e4 dxe4 17. Nh4 Nc5 18. Nxf5 exf5 19. Bxc5 Rxc5
20. dxe4 fxe4 21. Bxe4 Rac8 22. Rd1 a5 23. Bxb7 Rb8 24. Bd5 g6 25. Bc4 Re8
26. Rd3 Rce5 27. Rf3 R8e7 28. Kg2 Kg7 29. Rd1 h5 30. h3 Bc5 31. Rdd3 Bb4 32.
Rf4 Re4 33. Rxe4 Rxe4 34. Rd7 Re7 35. Rd5 Kf6 36. Rb5 Re5 37. Rb6+ Kg7 38.
Kf3 Rf5+ 39. Ke4 Rf3 40. Kxf3 {Black resigns} 1-0

[Event "ICCopen2017"]
[Site "Internet Chess Club"]
[Date "2017.03.25"]
[Round "6"]
[White "Spirals"]
[Black "aplusk"]
[Result "0-1"]
[ICCResult "White forfeits on time"]
[WhiteElo "2191"]
[BlackElo "2785"]
[Opening "Ruy Lopez: Anderssen variation"]
[ECO "C77"]
[NIC "RL.12"]
[Time "15:05:50"]
[TimeControl "180+0"]

1. e4 e5 2. Nf3 Nc6 3. Bb5 a6 4. Ba4 Nf6 5. d3 Be7 6. O-O d6 7. h3 b5 8. Bb3
Na5 9. Nbd2 O-O 10. c3 Nxb3 11. Nxb3 Bb7 12. Re1 c5 13. Bg5 h6 14. Bxf6 Bxf6
15. Nbd2 g6 16. Nf1 Bg7 17. d4 exd4 18. cxd4 Re8 19. Ng3 Qb6 20. Qd2 cxd4
21. Rad1 Rac8 22. Nxd4 d5 23. Nc2 dxe4 24. Ne3 Red8 25. Qe2 f5 26. Rxd8+
Rxd8 27. Ngf1 Qe6 28. b3 h5 29. Rd1 Rd6 30. Rxd6 Qxd6 31. g3 Be5 32. Ng2 Qd3
33. Qe1 Qc3 34. Qxc3 Bxc3 35. h4 Kf7 36. Nfe3 Bc8 37. Kf1 Be6 38. Ke2 a5 39.
Kd1 Bd4 40. Kc2 a4 41. Nf4 axb3+ 42. axb3 Kf6 43. Ne2 Be5 44. Nf4 Bf7 45. b4
g5 46. hxg5+ Kxg5 47. Nfd5 Bd4 48. Nc3 Bxc3 49. Kxc3 f4 50. gxf4+ Kxf4 51.
Kd4 Kf3 52. Nf5 Kxf2 53. Ne3 Bg6 54. Nd1+ Kf3 55. Ne3 h4
{White forfeits on time}
0-1

[Event "ICCopen2017"]
[Site "Internet Chess Club"]
[Date "2017.03.25"]
[Round "6"]
[White "Skeptic1972"]
[Black "VrloJakMK"]
[Result "1-0"]
[ICCResult "Black checkmated"]
[WhiteElo "1741"]
[BlackElo "2022"]
[Opening "French: Winawer, classical variation"]
[ECO "C18"]
[NIC "FR.11"]
[Time "15:06:04"]
[TimeControl "180+0"]

1. e4 e6 2. d4 d5 3. Nc3 Bb4 4. e5 c5 5. a3 Bxc3+ 6. bxc3 Qc7 7. Qg4 Ne7 8.
Bd3 cxd4 9. Ne2 dxc3 10. Qxg7 Rg8 11. Qxh7 Rxg2 12. Ng3 Qc5 13. Be3 d4 14.
Bf4 Nbc6 15. Ne4 Qa5 16. Nf6+ Kd8 17. Qxf7 Kc7 18. Kf1 Rxf2+ 19. Kxf2 b5 20.
Be4 Kb6 21. h4 Qa4 22. h5 d3 23. Be3+ Ka5 24. Bxd3 Ba6 25. Qxe6 Rf8 26. Bc5
Bb7 27. Bb4+ Ka6 28. Bxe7 Qf4+ 29. Ke2 Re8 30. Bxb5+ Kxb5 31. Rhb1+ Ka6 32.
Rxb7 Qd2+ 33. Kf3 Rxe7 34. Qxc6+ Ka5 35. Qb5# {Black checkmated} 1-0

[Event "ICCopen2017"]
[Site "Internet Chess Club"]
[Date "2017.03.25"]
[Round "6"]
[White "sacov"]
[Black "AAlekin28"]
[Result "0-1"]
[ICCResult "White resigns"]
[WhiteElo "2139"]
[BlackElo "2612"]
[Opening "QGD semi-Slav"]
[ECO "D43"]
[NIC "QI.01"]
[Time "15:07:01"]
[TimeControl "180+0"]

1. d4 Nf6 2. Nf3 e6 3. c4 d5 4. Nc3 c6 5. Bg5 Bd6 6. e3 O-O 7. Bd3 Nbd7 8.
O-O h6 9. Bh4 b6 10. Rc1 Bb7 11. Re1 Rc8 12. Qe2 Re8 13. e4 e5 14. cxd5 cxd5
15. dxe5 Nxe5 16. Nxd5 Rxc1 17. Rxc1 Nxd3 18. Qxd3 g5 19. Nxf6+ Qxf6 20. Qb5
Rxe4 21. Bg3 Bxg3 22. hxg3 Re7 23. a4 Bxf3 24. gxf3 Qxf3 25. a5 Re2 26. Rf1
Re6 27. axb6 axb6 28. b4 Qc3 29. Qa4 Kg7 30. b5 Re2 31. Qa6 Qd4 32. Qb7 Rb2
33. Qc6 Rb3 34. Kg2 Rc3 35. Qe8 Rc5 36. Re1 Qd5+ 37. Kh2 Rxb5 38. Qb8 Qd4
39. Kg2 Rf5 40. Re2 Qd5+ 41. Kg1 Qd1+ {White resigns} 0-1

[Event "ICCopen2017"]
[Site "Internet Chess Club"]
[Date "2017.03.25"]
[Round "6"]
[White "ComeonJimtal"]
[Black "pehuensur"]
[Result "1-0"]
[ICCResult "Black forfeits on time"]
[WhiteElo "1721"]
[BlackElo "1461"]
[Opening "Hungarian defense"]
[ECO "C50"]
[NIC "IG.03"]
[Time "15:05:54"]
[TimeControl "180+0"]

1. e4 e5 2. Nf3 Nc6 3. Bc4 Be7 4. c3 d6 5. d4 exd4 6. cxd4 Nf6 7. Nc3 O-O 8.
Bd3 Bg4 9. Be3 Bh5 10. O-O a6 11. Rc1 Qd7 12. h3 Rad8 13. Bb1 Bg6 14. Qe2 b5
15. Rfd1 b4 16. e5 Ne8 17. Nd5 Bxb1 18. Rxc6 Be4 19. Nxe7+ Qxe7 20. Bg5 Bxf3
21. Bxe7 Bxe2 22. Re1 Bb5 23. Rcc1 Rb8 24. Bxf8 Kxf8 25. b3 Rc8 26. f4 dxe5
27. fxe5 Ke7 28. d5 f6 29. exf6+ Kxf6 30. Re6+ Kf7 31. Rc3 Nf6 32. Rf3 Rd8
33. Rf5 Rxd5 34. Rexf6+ gxf6 35. Rxd5 Ke6 36. Rh5 Bd3 37. Kf2 c5 38. Rxc5
Bg6 39. Ke3 Kd6 40. Ra5 Kc6 41. Rxa6+ Kb5 42. Rxf6 Bb1 43. Rf2
{Black forfeits on time}
1-0

[Event "ICCopen2017"]
[Site "Internet Chess Club"]
[Date "2017.03.25"]
[Round "6"]
[White "manusupergm2001"]
[Black "PeterOsgood"]
[Result "1-0"]
[ICCResult "Black resigns"]
[WhiteElo "2157"]
[BlackElo "1798"]
[Opening "Van't Kruijs opening"]
[ECO "A00"]
[Time "15:06:51"]
[TimeControl "180+0"]

1. e3 e5 2. d4 exd4 3. exd4 d5 4. Nf3 Nf6 5. h3 c5 6. Bd3 Nc6 7. dxc5 Bxc5
8. O-O O-O 9. Nc3 h6 10. Bf4 Be6 11. Qd2 Bb4 12. Bxh6 gxh6 13. Qxh6 Bxc3 14.
Qg5+ Kh8 15. Qh6+ Kg8 16. Ng5 Bd2 17. Bh7+ Kh8 18. Bf5+ Kg8 19. Bxe6 Bxg5
20. Qxg5+ Kh8 21. Bf5 Qd6 22. Qh6+ Kg8 23. Bh7+ Kh8 24. Rad1 Ne4 25. Bg6+
{Black resigns}
1-0

[Event "ICCopen2017"]
[Site "Internet Chess Club"]
[Date "2017.03.25"]
[Round "6"]
[White "jjmolina"]
[Black "fishmaster"]
[Result "0-1"]
[ICCResult "White forfeits on time"]
[WhiteElo "1393"]
[BlackElo "1739"]
[Opening "Two knights defense (Modern bishop's opening)"]
[ECO "C55"]
[NIC "IG.01"]
[Time "15:06:36"]
[TimeControl "180+0"]

1. e4 e5 2. Nf3 Nc6 3. Bc4 Nf6 4. d3 Be7 5. h3 d6 6. O-O Na5 7. Bb5+ c6 8.
Ba4 b5 9. Bb3 Nxb3 10. axb3 O-O 11. Be3 c5 12. Nc3 Bd7 13. Ra6 b4 14. Ne2
Qc7 15. Qa1 d5 16. exd5 Nxd5 17. Bd2 Nb6 18. Be3 e4 19. dxe4 Bb5 20. Re1
Bxa6 21. Qxa6 Bf6 22. c3 bxc3 23. bxc3 Rfe8 24. Ng3 Bxc3 25. Rc1 Bb4 26. Nf5
Rxe4 27. Ng5 Re5 28. Qd3 Rd8 29. Qb1 Rxf5 30. Qxf5 g6 31. Qg4 h5 32. Qh4 Qe7
33. Qg3 Nd5 {White forfeits on time} 0-1

[Event "ICCopen2017"]
[Site "Internet Chess Club"]
[Date "2017.03.25"]
[Round "6"]
[White "kentaur"]
[Black "Montserrat"]
[Result "0-1"]
[ICCResult "White checkmated"]
[WhiteElo "1634"]
[BlackElo "1885"]
[Opening "Alekhine's defense"]
[ECO "B03"]
[NIC "AL.09"]
[Time "15:05:44"]
[TimeControl "180+0"]

1. e4 Nf6 2. e5 Nd5 3. d4 d6 4. f4 g6 5. Nf3 Bg7 6. h3 O-O 7. g4 Nc6 8. Bg2
Nb6 9. c3 dxe5 10. fxe5 e6 11. O-O Bd7 12. Be3 Rb8 13. Nbd2 Ne7 14. Ne4 Ned5
15. Bd2 Kh8 16. Nfg5 h6 17. Nxf7+ Rxf7 18. Rxf7 Qh4 19. Qe1 Qxe1+ 20. Rxe1
Bc6 21. Nf6 Rd8 22. Nxd5 Nxd5 23. Bxd5 Bxd5 24. Rxc7 a6 25. Rf1 Rf8 26.
Rxf8+ Bxf8 27. Rf7 Kg8 28. a3 Kxf7 29. Kf2 b5 30. Kg3 Be7 31. h4 g5 32. h5
a5 33. Kf2 Ke8 34. Ke3 Kd7 35. Be1 Kc6 36. Kd2 b4 37. axb4 axb4 38. Kd3 Kb5
39. cxb4 Bxb4 40. Bf2 Bc4+ 41. Ke3 Be7 42. Be1 Ka4 43. Ke4 Bd5+ 44. Ke3 Kb3
45. Ba5 Kxb2 46. Bc7 Bf8 47. Bd8 Kc2 48. Bf6 Kd1 49. Bd8 Ke1 50. Ba5+ Kf1
51. Bd2 Kg2 52. Be1 Kh3 53. Bf2 Kxg4 54. Bg1 Kxh5 55. Bh2 Kg4 56. Kf2 h5 57.
Bg3 h4 58. Bh2 Kh3 59. Bg1 g4 60. Ke2 Bh6 61. Be3 g3 62. Bxh6 Kg2 63. Be3 h3
64. Bg1 h2 65. Ke3 hxg1=Q+ 66. Kf4 Qf2+ 67. Kg5 Kh2 68. Kg6 g2 69. Kg7 g1=Q+
70. Kh6 Qh4# {White checkmated} 0-1

[Event "ICCopen2017"]
[Site "Internet Chess Club"]
[Date "2017.03.25"]
[Round "6"]
[White "concrete"]
[Black "beaupre"]
[Result "1-0"]
[ICCResult "Black resigns"]
[WhiteElo "2081"]
[BlackElo "1756"]
[Opening "Sicilian: Hungarian variation"]
[ECO "B27"]
[NIC "SI.43"]
[Time "15:07:05"]
[TimeControl "180+0"]

1. e4 c5 2. Nf3 g6 3. d4 cxd4 4. Qxd4 Nf6 5. Nc3 Nc6 6. Qa4 Bg7 7. e5 Ng8 8.
Bf4 e6 9. Ne4 Nge7 10. Nd6+ Kf8 11. O-O-O a6 12. Qe4 Nd5 13. Ng5 Nxf4 14.
Qxf4 Nxe5 15. Ngxf7 Qf6 16. Qxf6 Bxf6 17. Nxh8 Bxh8 18. Be2 Ke7 19. f4 b5
20. fxe5 Bxe5 21. Bf3 Rb8 22. Nxc8+ Rxc8 23. Rhe1 Bf4+ 24. Kb1 Bxh2 25. Rh1
Be5 26. Rxh7+ Kf6 27. Rdxd7 Rc4 28. Rhf7+ Kg5 29. c3 Rh4 30. Rde7 Rh1+ 31.
Kc2 Bf4 32. Rxf4 Kxf4 33. Rxe6 g5 34. Rxa6 Rf1 35. Rb6 g4 36. Bxg4 Kxg4 37.
Rxb5 Kg3 38. Rg5+ Kf4 39. Rg7 Rg1 40. b4 Kf5 41. a4 Ke5 42. Kb3 Kd5 43. a5
Rb1+ 44. Ka4 Kc4 45. Rc7+ Kd5 46. Kb5 Rb2 47. c4+ Kd6 48. Rg7 Rc2 49. a6 Ke6
50. a7 Kf6 51. Rc7 Ra2 52. Rc6+ Ke5 53. Ra6 Rxg2 54. a8=Q Rg5 55. Qd5+ Kf4
56. Rf6+ Kg4 57. Qxg5+ Kxg5 58. Rd6 Kf5 59. Kc5 Ke5 60. b5 {Black resigns}
1-0

[Event "ICCopen2017"]
[Site "Internet Chess Club"]
[Date "2017.03.25"]
[Round "6"]
[White "ramezsamir"]
[Black "fishbein"]
[Result "0-1"]
[ICCResult "White forfeits on time"]
[WhiteElo "1946"]
[BlackElo "2616"]
[Opening "Trompowsky attack (Ruth, Opocenský opening)"]
[ECO "A45"]
[NIC "QP.07"]
[Time "15:05:31"]
[TimeControl "180+0"]

1. d4 Nf6 2. Bg5 Ne4 3. Bf4 c5 4. f3 Qa5+ 5. c3 Nf6 6. d5 Qb6 7. Bc1 e6 8.
e4 c4 9. Bxc4 Bc5 10. Ne2 O-O 11. Nd4 exd5 12. exd5 Re8+ 13. Kf2 d6 14. Re1
Rxe1 15. Kxe1 Nbd7 16. Kf1 Ne5 17. Bb3 Bd7 18. Bg5 a5 19. a4 Re8 20. Bxf6
gxf6 21. Na3 Qa6+ 22. Kg1 Qd3 23. Bc2 Qe3+ 24. Kh1 Ng6 25. Nab5 Qf2 26. Qg1
Qd2 27. Rd1 Qh6 28. Bxg6 hxg6 29. Qf2 Kg7 30. Re1 Rh8 31. g3 Qh5 32. Re7
Bxb5 33. axb5 Qxd5 34. Ne6+ Qxe6 35. Rxe6 Bxf2 36. Rxd6 Bc5 37. Rd7 b6 38.
Kg2 Re8 39. Kf1 Re3 40. f4 Rf3+ 41. Ke2 Rf2+ 42. Kd3 Rxb2 43. c4 a4 44. Ra7
a3 45. Ke4 a2 46. Kd5 Rxh2 47. Kc6 Bd4 48. c5 a1=Q 49. Rxa1 Bxa1 50. cxb6
Rc2+ 51. Kd7 Bd4 52. b7 Ba7 53. Kd6 Bb8+ 54. Kd7 Rc7+ 55. Kd6 Rxb7+ 56. Kc6
Rc7+ 57. Kb6 Rc3 {White forfeits on time} 0-1